 Dungeon Crawl Stone Soup version 0.28.0-53-g5a82cb258f (webtiles) character file.

Game seed: 3887784115870132036

97 jiml777 the Gusty (level 4, 0/32 HPs)
             Began as a Gnoll Air Elementalist on July 8, 2022.
             Slain by a gnoll
             ... wielding a +0 spear
              (6 damage)
             ... on level 2 of the Dungeon.
             The game lasted 00:08:05 (2340 turns).

jiml777 the Gusty (Gnoll Air Elementalist)          Turns: 2340, Time: 00:08:05

Health: 0/32       AC:  3    Str:  7    XL:     4   Next: 68%
Magic:  11/11      EV: 12    Int: 17    God:
Gold:   45         SH:  0    Dex: 12    Spells: 3/13 levels left

rFire   . . .      SeeInvis .   e - +0 dagger
rCold   . . .      Faith    .   (no shield)
rNeg    . . .      Spirit   .   g - +0 leather armour
rPois   .          Reflect  .   (no helmet)
rElec   .          Harm     .   (no cloak)
rCorr   .          Rampage  .   (no gloves)
Will    .....                   (no boots)
Stlth   ++........              (no amulet)
HPRegen 0.10/turn               (no ring)
MPRegen 0.12/turn               (no ring)

@: no status effects
A: fangs 1, strong nose, distributed training
a: no special abilities


You were on level 2 of the Dungeon.
You visited 1 branch of the dungeon, and saw 2 of its levels.

You collected 45 gold pieces.

Inventory:

Hand Weapons
 d - a +0 club
 e - a +0 dagger (weapon)
Missiles
 b - 55 stones
Armour
 a - a +0 robe
 g - a +0 leather armour (worn)
Scrolls
 c - a scroll of noise {unknown}
 h - a scroll of enchant armour {unknown}
 i - a scroll of identify {unknown}
Potions
 f - 3 potions of curing {unknown}
 j - a potion of flight {unknown}


   Skills:
 + Level 1.2 Fighting
 + Level 1.2 Short Blades
 + Level 1.2 Long Blades
 + Level 1.2 Axes
 + Level 1.2 Maces & Flails
 + Level 1.2 Polearms
 + Level 1.2 Staves
 + Level 1.2 Slings
 + Level 1.2 Bows
 + Level 1.2 Crossbows
 + Level 1.2 Throwing
 + Level 1.2 Armour
 + Level 4.7 Dodging
 + Level 4.3 Stealth
 + Level 1.2 Shields
 + Level 1.2 Unarmed Combat
 + Level 5.1 Spellcasting
 + Level 2.3 Conjurations
 + Level 1.0 Hexes
 + Level 1.0 Summonings
 + Level 1.0 Necromancy
 + Level 1.0 Translocations
 + Level 1.0 Transmutations
 + Level 1.0 Fire Magic
 + Level 1.0 Ice Magic
 + Level 5.5 Air Magic
 + Level 1.0 Earth Magic
 + Level 1.0 Poison Magic
 + Level 1.3 Invocations
 + Level 1.2 Evocations


You had 3 spell levels left.
You knew the following spells:

 Your Spells              Type           Power      Damage    Failure   Level
a - Shock                 Conj/Air       68%        1d7       4%          1
b - Static Discharge      Conj/Air       17%        N/A       6%          2
c - Swiftness             Air            23%        N/A       6%          3
d - Airstrike             Air            11%        N/A       22%         4

Your spell library contained the following spells:

 Spells                   Type           Power      Damage    Failure   Level
 Dazzling Flash           Conj/Hex       18%        N/A       30%         3
 Silence                  Hex/Air        7%         N/A       83%         5
 Agony                    Necr           7%         N/A       98%         5


Dungeon Overview and Level Annotations

Branches:
Dungeon (2/15)

Altars:


Innate Abilities, Weirdness & Mutations

You have very sharp teeth.
Your uncanny sense of smell can sniff out nearby items.
Your experience applies equally to all skills.


Message History

You bite the kobold, but do no damage.
The kobold is moderately wounded.
You barely miss the kobold.
The kobold is moderately wounded.
The kobold completely misses you.
You hit the kobold.
The kobold is heavily wounded.
The kobold misses you.
You hit the kobold but do no damage. Your bite misses the kobold.
The kobold is heavily wounded.
The kobold closely misses you.
A gnoll comes into view. It is wielding a +0 spear.
You closely miss the kobold.
The kobold is heavily wounded.
The quokka twitches its whiskers.
The kobold hits you with a +0 dagger.
You hit the kobold. Your bite misses the kobold.
The kobold is severely wounded.
The kobold barely misses you.
You hit the kobold.
You kill the kobold!
You closely miss the quokka. The quokka bites you. The goblin misses you.
The gnoll hits you from afar with a +0 spear!
You hit the goblin.
The goblin is moderately wounded.
The quokka bites you.
A gnoll comes into view. It is wielding a +0 spear.
The goblin hits you but does no damage. The gnoll closely misses you.
The gnoll shouts!
You hit the goblin.
The goblin is almost dead.
The quokka closely misses you. The goblin misses you.
The gnoll hits you from afar with a +0 spear!
* * * LOW HITPOINT WARNING * * *
You hit the goblin.
You kill the goblin!
The quokka bites you.
* * * LOW HITPOINT WARNING * * *
The gnoll hits you from afar with a +0 spear.
You die...

.........................#
.......#.#####....######..
....##.#.......##.........
... #.#.........<###.###.
. ...#.#.#######..# #.....
............###..# #.###.
......####.......# #.
......####..###... #.
......gr@)..# . ..
......###.......# #.. ...g
#######.# #.. .... ..[


You could see 2 gnolls and a quokka.

Vanquished Creatures
  5 adders (D:2)
  2 dart slugs (D:1)
  2 orcs (D:2)
  A ball python (D:1)
  6 endoplasms (D:1)
  7 giant cockroaches
  6 goblins
  2 hobgoblins
  5 kobolds
  A quokka (D:1)
  2 bats (D:1)
  2 frilled lizards (D:1)
  2 rats (D:1)
43 creatures vanquished.

Notes
Turn   | Place    | Note
-------+----------+-------------------------------------------
     0 | D:1      | jiml777 the Gnoll Air Elementalist began the quest for the
                  | Orb.
     0 | D:1      | Reached XP level 1. HP: 13/13 MP: 6/6
   136 | D:1      | Reached XP level 2. HP: 19/19 MP: 5/7
   570 | D:1      | Reached XP level 3. HP: 25/25 MP: 9/9
   580 | D:1      | Reached skill level 5 in Spellcasting
  1277 | D:1      | Reached skill level 1 in Invocations
  1641 | D:2      | Learned a level 2 spell: Static Discharge
  1645 | D:2      | Learned a level 3 spell: Swiftness
  1801 | D:2      | Reached skill level 1 in Fighting
  1801 | D:2      | Reached skill level 1 in Short Blades
  1801 | D:2      | Reached skill level 1 in Long Blades
  1801 | D:2      | Reached skill level 1 in Axes
  1801 | D:2      | Reached skill level 1 in Maces & Flails
  1801 | D:2      | Reached skill level 1 in Polearms
  1801 | D:2      | Reached skill level 1 in Staves
  1801 | D:2      | Reached skill level 1 in Slings
  1801 | D:2      | Reached skill level 1 in Bows
  1801 | D:2      | Reached skill level 1 in Crossbows
  1801 | D:2      | Reached skill level 1 in Throwing
  1801 | D:2      | Reached skill level 1 in Armour
  1801 | D:2      | Reached skill level 1 in Shields
  1801 | D:2      | Reached skill level 1 in Unarmed Combat
  1801 | D:2      | Reached skill level 1 in Evocations
  2021 | D:2      | Reached XP level 4. HP: 24/32 MP: 6/11
  2162 | D:2      | Learned a level 4 spell: Airstrike
  2236 | D:2      | Reached skill level 1 in Hexes
  2236 | D:2      | Reached skill level 1 in Summonings
  2236 | D:2      | Reached skill level 1 in Necromancy
  2236 | D:2      | Reached skill level 1 in Translocations
  2236 | D:2      | Reached skill level 1 in Transmutations
  2236 | D:2      | Reached skill level 1 in Fire Magic
  2236 | D:2      | Reached skill level 1 in Ice Magic
  2236 | D:2      | Reached skill level 1 in Earth Magic
  2236 | D:2      | Reached skill level 1 in Poison Magic
  2340 | D:2      | Slain by a gnoll

Illustrated notes

Levels and vault maps discovered:
D:1:      erik_arrival_orb_chamber, layout_basic, minmay_tromino_i4
D:2:      layout_basic, basic_altar

Skill      XL: |  1  2  3  4 |
---------------+-------------+-----
Conjurations   | 2 |  2.3
Spellcasting   | 5 |  5.1
Invocations    | 1 |  1.3
Fighting       | 1 |  1.2
Short Blades   | 1 |  1.2
Long Blades    | 1 |  1.2
Axes           | 1 |  1.2
Maces & Flails | 1 |  1.2
Polearms       | 1 |  1.2
Staves         | 1 |  1.2
Slings         | 1 |  1.2
Bows           | 1 |  1.2
Crossbows      | 1 |  1.2
Throwing       | 1 |  1.2
Armour         | 1 |  1.2
Shields        | 1 |  1.2
Unarmed Combat | 1 |  1.2
Evocations     | 1 |  1.2
Hexes          | 1 |  1.0
Summonings     | 1 |  1.0
Necromancy     | 1 |  1.0
Translocations | 1 |  1.0
Transmutations | 1 |  1.0
Fire Magic     | 1 |  1.0
Ice Magic      | 1 |  1.0
Earth Magic    | 1 |  1.0
Poison Magic   | 1 |  1.0
Dodging        | |  4.7
Stealth        | |  4.3
Air Magic      | |  5.5

Action                   |  1- 3 |  4- 6 || total
-------------------------+-------+-------++-------
Melee: Dagger            |    87 |    12 ||    99
       Club              |     9 |       ||     9
       Bite              |    11 |     1 ||    12
       Punch             |     2 |     1 ||     3
 Cast: Shock             |    30 |    16 ||    46
 Stab: Sleeping          |     4 |       ||     4
Armor: Robe              |     3 |       ||     3
       Leather armour    |    23 |     3 ||    26
Dodge: Dodged            |    68 |    16 ||    84
